AoeStats
← Gandalf

QS Arena

503240892Analyzed
2v2 RM · 1mo ago on Aug 30, 2026· 39m 19s· 4 players
Game mode
Random Map
Map size
Medium (4 player)
Population
200
Speed
Normal
Resources
Standard
Victory
Conquest
Starting age
Dark Age
Ending age
Imperial Age
RankedLock teamsTeams togetherTeam positionsShared explorationLock speedFull tech treeHidden civsTurbo modeCheats
Victory
Defeat
🇷🇴 Magyars · Romania
793
+14
🇬🇧 Bohemians · United Kingdom
785
+14
🇧🇷 Bohemians · Brazil
747
-14
🇧🇷 Spanish · Brazil
742
-14
Dracula
0:33 Loom
8:12 Feudal Age
8:41 Double-Bit Axe
14:54 Castle Age
14:00 Horse Collar
15:50 Bow Saw
17:00 Heavy Plow
20:45 Fervor
20:56 Sanctity
20:03 Pikeman
21:46 Wheelbarrow
27:31 Imperial Age
25:43 Squires
25:30 Arson
26:20 Town Watch
27:05 Wagenburg Tactics
28:00 Hand Cart
28:57 Chemistry
29:28 Two-Man Saw
29:24 Conscription
29:49 Elite Hussite Wagon
30:31 Halberdier
37:09 Fortified Wall
38:26 Scale Mail Armor
38:36 Forging
aktaa_darwish
0:28 Loom
9:35 Feudal Age
16:45 Castle Age
15:11 Horse Collar
15:21 Double-Bit Axe
19:31 Bow Saw
20:40 Stone Mining
23:27 Corvinian Army
23:22 Gold Mining
28:48 Imperial Age
27:22 Bloodlines
27:13 Husbandry
26:38 Pikeman
27:04 Arson
28:39 Gold Shaft Mining
29:24 Wheelbarrow
28:38 Town Watch
29:36 Elite Magyar Huszar
30:39 Conscription
29:42 Light Cavalry
32:41 Scale Barding Armor
32:37 Scale Mail Armor
32:40 Town Patrol
33:15 Hand Cart
34:34 Heavy Plow
37:46 Chain Barding Armor
37:42 Chain Mail Armor
40:18 Two-Man Saw
Gandalf
1:26 Loom
9:25 Feudal Age
10:51 Wheelbarrow
10:04 Double-Bit Axe
10:01 Horse Collar
12:35 Gold Mining
19:04 Castle Age
17:31 Stone Mining
17:52 Man-at-Arms
19:12 Pikeman
19:12 Long Swordsman
19:55 Squires
19:40 Gambesons
21:09 Bow Saw
27:09 Fortified Wall
26:29 Elite Skirmisher
26:40 Elite Skirmisher
27:38 Hand Cart
31:21 Imperial Age
29:04 Heavy Plow
32:12 Town Watch
32:51 Forging
32:41 Scale Mail Armor
32:46 Scale Barding Armor
32:42 Padded Archer Armor
32:32 Fletching
33:45 Conscription
33:42 Onager
34:01 Halberdier
34:01 Two-Handed Swordsman
35:35 Husbandry
35:51 Capped Ram
36:25 Cavalier
marcosjesse
9:26 Feudal Age
12:04 Horse Collar
12:13 Double-Bit Axe
19:36 Castle Age
20:40 Wheelbarrow
21:53 Light Cavalry
23:17 Hand Cart
24:08 Bow Saw
29:21 Imperial Age
28:24 Chemistry
29:25 Coinage
29:38 Scale Mail Armor
29:48 Forging
30:02 Ballistics
29:47 Padded Archer Armor
29:38 Fletching
29:10 Pikeman
29:51 Squires
29:54 Husbandry
32:32 Heavy Plow
34:01 Chain Mail Armor
34:21 Iron Casting
33:42 Bodkin Arrow
34:03 Leather Archer Armor
33:43 Cavalier
36:05 Two-Man Saw
Connection lost

Rejoining the realm…

Still unreachable

The connection could not be restored.

Session expired

The server has moved on; the page needs a fresh start.